 Dungeon Crawl Stone Soup version 0.17-a0-1479-g4041c36 (webtiles) character file.

70 amnekian the Stinger (level 4, -4/27 HPs)
             Began as an Octopode Venom Mage on July 3, 2015.
             Shot with an arrow by a centaur (6 damage)
             ... on level 3 of the Dungeon.
             The game lasted 00:08:25 (2399 turns).

amnekian the Stinger (Octopode Venom Mage)          Turns: 2399, Time: 00:08:25

Health: -4/27      AC:  1    Str:  7    XL:     4   Next: 21%
Magic:  7/7        EV: 12    Int: 18    God:
Gold:   142        SH:  0    Dex: 12    Spells: 2 memorised, 3 levels left

rFire  . . .     SeeInvis .     (no weapon)
rCold  . . .     Clarity  .     (no shield)
rNeg   . . .     SustAt   .     (helmet restricted)
rPois  .         Gourm    .     (no amulet)
rElec  .         Spirit   .     (no ring)
rCorr  .         Warding  .     (no ring)
rMut   .         Stasis   .     (no ring)
MR     .....                    (no ring)
Stlth  +++.......               (no ring)
                                (no ring)
                                (no ring)
                                (no ring)

@: not resistant to hostile enchantments, fairly stealthy
A: almost no armour, amphibious, 8 rings, constrict 8, camouflage 1, gelatinous
body 1
a: no special abilities


You were on level 3 of the Dungeon.
You were very hungry.

You visited 1 branch of the dungeon, and saw 3 of its levels.

You collected 142 gold pieces.

Inventory:

Hand weapons
 b - a +0 hunting sling
Missiles
 c - 90 stones (quivered)
 j - 12 poisoned sling bullets
 m - 31 poisoned needles
Magical devices
 q - a wand of cold (10)
Scrolls
 d - a scroll of immolation {unknown}
 h - 3 scrolls of amnesia {unknown}
 i - a scroll of recharging {unknown}
 l - 4 scrolls of teleportation {unknown}
 n - a scroll of random uselessness {unknown}
 p - 2 scrolls of identify {unknown}
Potions
 e - a potion of haste {unknown}
 f - 2 potions of degeneration {unknown}
 g - 2 potions of curing {unknown}
 r - a potion of brilliance {unknown}
 s - a potion of poison {unknown}
Books
 a - a Young Poisoner's Handbook

   Spells                             Type                      Level
   a - Sting                          Conjuration/Poison           1
   b - Cure Poison                    Poison                       2
   c - Mephitic Cloud                 Conjuration/Poison/Air       3
   d - Olgreb's Toxic Radiance        Poison                       4
   e - Venom Bolt                     Conjuration/Poison           5
Comestibles
 k - 2 bread rations
 o - 2 meat rations


   Skills:
 - Level 2.0 Dodging
 - Level 2.6 Stealth
 - Level 2.0 Spellcasting
 + Level 2.2 Conjurations
 - Level 6.0 Poison Magic


You had 3 spell levels left.
You knew the following spells:

 Your Spells              Type           Power        Failure   Level  Hunger
a - Sting                 Conj/Pois      ###.         3%          1    #......
b - Mephitic Cloud        Conj/Pois/Air  ##......     21%         3    ###....


Dungeon Overview and Level Annotations

Branches:
Dungeon (3/15)

Altars:
Xom


Innate Abilities, Weirdness & Mutations

You cannot wear most types of armour.
You are amphibious.
You can wear up to eight rings at the same time.
You can use your tentacles to constrict eight enemies at once.
Your skin changes colour to match your surroundings (Stealth).
Your rubbery body absorbs attacks (AC +1).


Message History

The centaur wields a shortbow.
The centaur shoots an arrow.
The arrow hits you!
Found a bread ration.
A hobgoblin comes into view.
Read which item? (? for menu, Esc to quit)
Okay, then.
The centaur shoots an arrow.
The arrow hits you!
* * * LOW HITPOINT WARNING * * *
The centaur shoots an arrow.
The arrow hits you.
* * * LOW HITPOINT WARNING * * *
You see here 2 arrows.
The centaur shoots an arrow.
The arrow barely misses you.
The centaur shoots an arrow.
The arrow barely misses you.
You see here an arrow.
The centaur shoots an arrow.
The arrow barely misses you.
You see here an arrow.
The centaur shoots an arrow.
The arrow hits you.
* * * LOW HITPOINT WARNING * * *
You see here an arrow.
The centaur shoots an arrow.
The arrow hits you.
You die...

.......................
####.#.....#c..........
####.#+#####(..........
................###....
................##.....
..............###.....
.##..........# #.....
#..........# ##...#
#.@........# #.....
#......#...###.....
#..................
#..................
..............#....
...............#....
............#######..
.........#### #..
..###. ###


You could see a centaur.

Vanquished Creatures
  An adder (D:2)
  2 oozes (D:1)
  A worm (D:2)
  A ball python (D:2)
  7 bats
  7 hobgoblins
  3 jackals (D:1)
  2 giant cockroaches (D:1)
  3 giant newts
  10 goblins
  4 kobolds
  7 rats
48 creatures vanquished.

Notes
Turn   | Place    | Note
--------------------------------------------------------------
     0 | D:1      | amnekian the Octopode Venom Mage began the quest for the Orb.
     0 | D:1      | Reached XP level 1. HP: 11/11 MP: 3/3
    47 | D:1      | Reached skill level 5 in Poison Magic
   272 | D:1      | Reached XP level 2. HP: 12/17 MP: 5/5
   560 | D:1      | Reached XP level 3. HP: 19/21 MP: 6/6
   734 | D:1      | Reached skill level 1 in Conjurations
  1056 | D:1      | Reached skill level 6 in Poison Magic
  1155 | D:1      | Learned a level 3 spell: Mephitic Cloud
  2037 | D:2      | Reached XP level 4. HP: 27/27 MP: 4/7
  2295 | D:3      | Found a shimmering altar of Xom.
  2382 | D:3      | Noticed a centaur
  2399 | D:3      | Shot with an arrow by a centaur

Vault maps used:
D:1:      erik_arrival_gehennom
D:3:      nicolae_overflow_hidden_temple, xom_teletrap_fun, uniq_iyjb

Action                   |  1- 3 |  4- 6 || total
-------------------------+-------+-------++-------
Melee: Unarmed           |    48 |     2 ||    50
 Fire: Hunting sling     |     1 |       ||     1
 Cast: Sting             |    58 |     7 ||    65
 Stab: Sleeping          |     2 |     1 ||     3
  Eat: Chunk             |     3 |     1 ||     4
